 Dungeon Sprint DCSS version 0.22-a0-259-gdd11e71 (webtiles) character file.

57 Ghella the Skirmisher (level 3, -8/37 HPs)
             Began as a Draconian Monk on Mar 6, 2018.
             Splashed by an oklob sapling priest's acid (12 damage)
             ... in the Dungeon (Sprint IV: "Fedhas' Mad Dash").
             The game lasted 00:01:02 (582 turns).

Ghella the Skirmisher (Draconian Monk)               Turns: 582, Time: 00:01:04

Health: -8/37      AC:  1    Str: 14    XL:     3   Next: 73%
Magic:  2/3        EV: 14    Int: 10    God:
Gold:   41         SH:  0    Dex: 13    Spells: 2/2 levels left

rFire    . . .     SeeInvis .   a - +0 mace
rCold    . . .     Gourm    .   (no shield)
rNeg     . . .     Faith    .   (armour unavailable)
rPois    .         Spirit   .   (helmet restricted)
rElec    .         Reflect  .   (no cloak)
rCorr    .         Harm     .   (no gloves)
MR       .....     NoTele   +   (no boots)
Stlth    ++........             j - amulet of invisibility {+Inv}
HPRegen  0.12/turn              (no ring)
MPRegen  0.08/turn              (no ring)

@: corroded, very slightly contaminated
A: unfitting armour, cold-blooded, AC +5
a: Evoke Invisibility


You were in the Dungeon.
You were not hungry.

You visited 1 branch You collected 41 gold pieces.

Inventory:

Hand Weapons
 a - a +0 mace (weapon)
Jewellery
 j - the amulet of invisibility (around neck) {+Inv}
   (You found it in the Dungeon)

   [amulet of nothing]

   It lets you turn invisible.
Scrolls
 h - a scroll of blinking
Potions
 c - a potion of curing
 e - a potion of haste
 f - 2 potions of magic
 g - a potion of berserk rage
 i - a potion of invisibility {unknown}
 k - a potion of ambrosia {unknown}
Comestibles
 b - a ration


   Skills:
 + Level 5.7 Fighting
 + Level 5.2 Maces & Flails
 + Level 4.4 Dodging
 + Level 2.2 Stealth


You had 2 spell levels left.
You didn't know any spells.

Dungeon Overview and Level Annotations

Branches:
Dungeon (1/1)

Altars:
Cheibriados
Dithmenos
Elyvilon
Gozag
Hepliaklqana
Kikubaaqudgha
Makhleb
Nemelex Xobeh
Okawaru
Qazlal
Ru
Sif Muna
Trog
Uskayaw
Vehumet
Wu Jian
Xom
Yredelemnul
Zin
The Shining One
Beogh
Jiyva
Lugonu

Annotations:
D exclusion: oklob sapling


Innate Abilities, Weirdness & Mutations

Your plain brown scales are hard. (AC +5)
You cannot fit into any form of body armour.
You are cold-blooded and may be slowed by cold attacks.


Message History

You feel much better.
You flicker for a moment.
The oklob sapling priest spits acid at you.
The splash of acid misses you.
You hit the oklob sapling priest but do no damage.
You tail-slap the oklob sapling priest, but do no damage.
You hit the oklob sapling priest but do no damage.
The oklob sapling priest spits acid at you.
The splash of acid hits you! The acid corrodes you!
You are splashed with acid!
The acid burns!
You hit the oklob sapling priest but do no damage.
You tail-slap the oklob sapling priest, but do no damage.
You hit the oklob sapling priest but do no damage.
You hit the oklob sapling priest but do no damage.
You flicker back into view.
The oklob sapling priest spits acid at you.
The splash of acid hits you!
* * * LOW HITPOINT WARNING * * *
You are splashed with acid!
The acid burns!
You die...

########################
....#.....#.⌠._._._._.⌠.
....'.#)..'.._._@_._._..
....#.#†..#..._._P_._...
########+##.._._._._._..
#._._._._._.⌠.
##############


You could see an oklob sapling priest.

Vanquished Creatures
  An oklob sapling (D)
  A worker ant (D)
  A river rat (D)
  A rat (D)
4 creatures vanquished.

Notes
Turn   | Place    | Note
-------+----------+-------------------------------------------
     0 | D        | Ghella the Draconian Monk began the quest for the Orb.
     0 | D        | Reached XP level 1. HP: 19/19 MP: 1/1
    17 | D        | Reached XP level 2. HP: 17/27 MP: 2/2
   305 | D        | Noticed an oklob sapling
   311 | D        | Killed an oklob sapling
   311 | D        | Reached skill level 5 in Fighting
   311 | D        | Reached XP level 3. HP: 36/36 MP: 3/3
   416 | D        | Found the amulet of invisibility {+Inv}
   419 | D        | Reached skill level 5 in Maces & Flails
   568 | D        | Found an opulent altar of Gozag.
   568 | D        | Found a hazy altar of Hepliaklqana.
   568 | D        | Found a burning altar of Makhleb.
   568 | D        | Found a roughly hewn altar of Beogh.
   568 | D        | Found a sparkling altar of Nemelex Xobeh.
   568 | D        | Found a snail-covered altar of Cheibriados.
   568 | D        | Found a sacrificial altar of Ru.
   568 | D        | Found a deep blue altar of Sif Muna.
   568 | D        | Found a shimmering altar of Xom.
   568 | D        | Found a basalt altar of Yredelemnul.
   569 | D        | Found a viscous altar of Jiyva.
   569 | D        | Found a bloodstained altar of Trog.
   569 | D        | Found an ornate altar of the Wu Jian Council.
   569 | D        | Noticed an oklob sapling priest
   570 | D        | Found an iron altar of Okawaru.
   570 | D        | Found a shadowy altar of Dithmenos.
   570 | D        | Found a glowing silver altar of Zin.
   571 | D        | Found an ancient bone altar of Kikubaaqudgha.
   571 | D        | Found a hide-covered altar of Uskayaw.
   572 | D        | Found a stormy altar of Qazlal.
   572 | D        | Found a white marble altar of Elyvilon.
   572 | D        | Found a glowing golden altar of the Shining One.
   573 | D        | Found a corrupted altar of Lugonu.
   573 | D        | Found a radiant altar of Vehumet.
   582 | D        | Splashed by an oklob sapling priest's acid

Vault maps used:
D:        dungeon_sprint_fedhas

Skill      XL: |  1  2  3 |
---------------+----------+-----
Fighting       | 4 5 |  5.7
Dodging        | 3 4 |  4.4
Maces & Flails | 4 5 |  5.2
Stealth        | 2 |  2.2

Action                   || total
-------------------------++-------
Melee: Mace              ||    23
       Tailslap          ||     2
 Abil: Evoke Invisibilit ||     1
  Use: Potion            ||     1
 Stab: Sleeping          ||     1
Armor: Skin              ||     1
Dodge: Dodged            ||     9

Table legend:
 A = Spawn XP
 B = Non-spawn XP
 C = Spawn XP percentage of total XP
 D = Spawn monster count
 E = Non-spawn monster count
 F = Spawn count percentage of total count
 G = Total turns spent on level
                    A         B        C        D         E        F      G
               +---------+---------+-------+---------+---------+-------+---------
         Total |       0 |      82 |   0.0 |       0 |       4 |   0.0 |   582
               +---------+---------+-------+---------+---------+-------+---------
             D |       0 |      82 |   0.0 |       0 |       4 |   0.0 |   582
               +---------+---------+-------+---------+---------+-------+---------
